 Dungeon Crawl Stone Soup version 0.29-a0-598-gd8304a5bf4 (webtiles) character file.

Game seed: 16094168470529323453

8435 zishaf the Party-goer (level 11, -9/58 HPs)
             Began as a Vine Stalker Brigand on June 15, 2022.
             Was a Follower of Uskayaw.
             Hit by a stone thrown by a skeletal warrior (12 damage)
             ... on level 10 of the Dungeon.
             The game lasted 00:22:45 (9356 turns).

zishaf the Party-goer (Vine Stalker Brigand)        Turns: 9356, Time: 00:22:46

Health: -9/58      AC: 11    Str: 14    XL:     11   Next: 30%
Magic:  0/19       EV:  8    Int: 11    God:    Uskayaw [*.....]
Gold:   1710       SH: 19    Dex: 29    Spells: 8/10 levels left

rFire   . . .      SeeInvis .   a - +3 dagger (vamp)
rCold   . . .      Faith    .   w - +0 tower shield
rNeg    . . .      Spirit   +   H - +0 acid dragon scales
rPois   .          Reflect  .   (no helmet)
rElec   .          Harm     .   c - +1 cloak
rCorr   +          Rampage  .   P - +1 pair of gloves of the Miller {Dex+3}
Will    ++...                   k - +0 pair of boots
Stlth   ++++......              L - amulet of regeneration
HPRegen 1.79/turn               t - ring of willpower
MPRegen 0.16/turn               A - +6 ring of dexterity

@: no status effects
A: fangs 3, regeneration 1, magic shield, antimagic bite, no potion heal 2
a: Renounce Religion, Stomp


You were on level 10 of the Dungeon.
You worshipped Uskayaw.
Uskayaw was aware of your devotion.
You visited 2 branches of the dungeon, and saw 11 of its levels.

You collected 1726 gold pieces.
You spent 16 gold pieces at shops.

Inventory:

Hand Weapons
 a - a +3 vampiric dagger (weapon)
 p - a +2 dagger of holy wrath
 I - a +3 dagger
Missiles
 d - 7 poisoned darts (quivered)
 e - 4 curare-tipped darts
 l - 11 boomerangs
 G - 3 javelins
 O - a throwing net
Armour
 c - a +1 cloak (worn)
 k - a +0 pair of boots (worn)
 o - the +1 ring mail of Tartarus {Int-3 Dex+8}
   (You found it on level 5 of the Dungeon)

   Int:       It affects your intelligence (-3).
   Dex:       It affects your dexterity (+8).
 w - a +0 tower shield (worn)
 H - +0 acid dragon scales (worn)
 N - the +1 pair of gloves of the Gloaming {+Blink rElec Will-}
   (You found it on level 10 of the Dungeon)

   rElec:     It insulates you from electricity.
   +Blink:    It lets you blink.
   Will:      It decreases your willpower.
 P - the +1 pair of gloves of the Miller (worn) {Dex+3}
   (You acquired it on level 8 of the Dungeon)

   Dex:       It affects your dexterity (+3).
Jewellery
 t - a ring of willpower (left hand)
 A - a +6 ring of dexterity (right hand)
 L - an amulet of regeneration (around neck)
 R - a ring of ice
Wands
 s - a wand of flame (18)
 u - a wand of iceblast (19)
 x - a wand of polymorph (15)
 F - a wand of acid (13)
 K - a wand of digging (11)
Scrolls
 g - 2 scrolls of magic mapping
 h - a scroll of enchant armour
 j - 6 scrolls of teleportation
 v - a scroll of brand weapon
 C - 2 scrolls of immolation
 J - a scroll of fear
 M - a scroll of enchant weapon
Potions
 b - 2 potions of resistance
 f - 2 potions of attraction
 i - 2 potions of haste
 m - 4 potions of might
 n - 5 potions of curing
 q - a potion of berserk rage {unknown}
 r - a potion of mutation
 z - 3 potions of lignification
 B - a potion of invisibility {unknown}
 D - a potion of flight
 E - a potion of cancellation {unknown}
Miscellaneous
 y - a condenser vane (inert)


   Skills:
 + Level 7.5 Fighting
 - Level 6.0 Short Blades
 - Level 2.0 Throwing
 - Level 1.0 Dodging
 - Level 6.0 Stealth
 + Level 6.9 Shields
 * Level 10.3 Invocations
 - Level 4.0 Evocations


You had 8 spell levels left.
You knew the following spells:

 Your Spells              Type           Power      Damage    Failure   Level
a - Wereblood             Tmut           0%         N/A       100%        2

Your spell library contained the following spells:

 Spells                   Type           Power      Damage    Failure   Level
 Beastly Appendage        Tmut           0%         N/A       99%         1
 Magic Dart               Conj           0%         1d3       99%         1
 Call Imp                 Summ           0%         N/A       100%        2
 Poisonous Vapours        Pois/Air       0%         N/A       100%        2
 Call Canine Familiar     Summ           0%         N/A       100%        3
 Mephitic Cloud           Conj/Pois/Air  0%         N/A       100%        3
 Portal Projectile        Hex/Tloc       0%         N/A       100%        3
 Spider Form              Tmut/Pois      0%         N/A       100%        3
 Tukima's Dance           Hex            0%         N/A       100%        3
 Corpse Rot               Necr/Pois/Air  0%         N/A       100%        4
 Leda's Liquefaction      Hex/Erth       0%         N/A       100%        4
 Blade Hands              Tmut           0%         N/A       100%        5


Dungeon Overview and Level Annotations

Branches:
Dungeon (10/15)            Temple (1/1) D:4            Lair (0/6) D:8
    Orc (0/2) D:10

Altars:
Ashenzari
Hepliaklqana
Nemelex Xobeh
Okawaru
Qazlal
Ru
Sif Muna
Uskayaw
Vehumet

Shops:
D:6 (


Innate Abilities, Weirdness & Mutations

You have razor-sharp teeth.
Your natural rate of healing is unusually fast.
When hurt, damage is shared between your health and your magic reserves.
Your bite disrupts and absorbs the magic of your enemies.
Potions cannot restore your health.


Message History

You hit the skeletal warrior.
You bite the skeletal warrior, but do no damage.
The skeletal warrior is lightly damaged.
The skeletal warrior hits you but does no damage.
The skeletal warrior is struck by lightning.
You hit the skeletal warrior but do no damage.
The skeletal warrior is lightly damaged.
The skeletal warrior is struck by lightning.
The skeletal warrior hits you with a +0 dire flail.
The skeletal warrior is struck by lightning.
You hit the skeletal warrior but do no damage.
Your bite misses the skeletal warrior.
The skeletal warrior is moderately damaged.
The skeletal warrior is struck by lightning.
The skeletal warrior hits you with a +0 dire flail!
The skeletal warrior is struck by lightning.
You hit the skeletal warrior but do no damage.
You bite the skeletal warrior, but do no damage.
The skeletal warrior is severely damaged.
The skeletal warrior hits you with a +0 dire flail!!
* * * LOW HITPOINT WARNING * * *
The skeletal warrior is struck by lightning.
You completely miss the skeletal warrior.
Your bite misses the skeletal warrior.
The skeletal warrior is heavily damaged.
You block the skeletal warrior's attack.
The skeletal warrior is struck by lightning.
You hit the skeletal warrior but do no damage.
The skeletal warrior is heavily damaged.
The skeletal warrior is struck by lightning.
You block the skeletal warrior's attack.
You hit the skeletal warrior but do no damage.
The skeletal warrior is severely damaged.
The skeletal warrior hits you with a +0 dire flail!!
* * * LOW HITPOINT WARNING * * *
Okay, then.
The skeletal warrior attacks as you move away!
You block the skeletal warrior's attack.
The skeletal warrior throws a stone.
The stone hits you!
You die...

........#### ##....#
.....<.....# #.....#
.##.###)##.# ##.z..#
#.....##.#####§#.#
#.###........§z§.#
#.##.#####z### #.##.# #z# .....#
#.# ####### #@# #.# #.#
########## #.# #........# #.#
#........# ###.###### #..#####.#
#........###########
#..#####.####.....##.......[...#
#..#.............#######.##.##.#


You could see 4 skeletal warriors.

Vanquished Creatures
  Fannar (D:10)
  A centaur warrior (D:8)
  A two-headed ogre (D:6)
  A deep elf pyromancer (D:9)
  A manticore (D:8)
  An unseen horror (D:10)
  2 trolls (D:10)
  Grinder (D:5)
  2 wraiths
  3 wyverns
  Grum (D:10)
  3 acid dragons
  2 water moccasins
  An orc warrior (D:9)
  2 ice beasts
  A black bear (D:8)
  3 ogres
  A sky beast (D:4)
  4 centaurs
  2 wolves (D:9)
  A phantom (D:7)
  3 kobold brigands
  2 bullfrogs
  A necrophage (D:5)
  A scorpion (D:5)
  2 gnoll sergeants
  15 killer bees
  2 electric eels (D:9)
  4 howler monkeys
  Crazy Yiuf (D:3)
  4 orc priests
  A gnoll shaman (D:10)
  2 hounds (D:5)
  2 iguanas (D:5)
  Ijyb (D:3)
  7 orc wizards
  12 adders
  13 gnolls
  A shadow imp (D:6)
  2 ufetubi (D:5)
  5 dart slugs
  19 orcs
  3 endoplasms
  4 giant cockroaches
  10 goblins
  14 hobgoblins
  6 jackals
  A quokka (D:1)
  7 ball pythons
  6 bats
  2 frilled lizards (D:3)
  20 kobolds
  3 rats
211 creatures vanquished.

Vanquished Creatures (others)
  A gnoll (D:10)
  A fungus (D:3)
2 creatures vanquished.

Grand Total: 213 creatures vanquished

Notes
Turn   | Place    | Note
-------+----------+-------------------------------------------
     0 | D:1      | zishaf the Vine Stalker Brigand began the quest for the
                  | Orb.
     0 | D:1      | Reached XP level 1. HP: 11/11 MP: 2/2
   449 | D:1      | Reached skill level 1 in Dodging
   449 | D:1      | Reached XP level 2. HP: 11/15 MP: 3/3
   557 | D:1      | Reached skill level 5 in Stealth
  1382 | D:2      | Reached XP level 3. HP: 16/18 MP: 4/4
  1628 | D:2      | Gained mutation: Your natural rate of healing is unusually
                  | fast. [Vine Stalker growth]
  1628 | D:2      | Reached XP level 4. HP: 20/23 MP: 3/5
  2302 | D:3      | Found a sacrificial altar of Ru.
  2331 | D:3      | Found a faded altar of an unknown god.
  2353 | D:3      | Noticed Ijyb
  2385 | D:3      | Killed Ijyb
  2386 | D:3      | Reached skill level 1 in Shields
  2386 | D:3      | Reached XP level 5. HP: 16/28 MP: 2/6
  2454 | D:3      | Found a hazy altar of Hepliaklqana.
  2454 | D:3      | Found a broken altar of Ashenzari.
  2696 | D:3      | Found an iron altar of Okawaru.
  2696 | D:3      | Found a radiant altar of Vehumet.
  2848 | D:3      | Found a runed translucent door.
  2849 | D:3      | Noticed Crazy Yiuf
  2857 | D:3      | Killed Crazy Yiuf
  2882 | D:4      | Noticed a sky beast
  2883 | D:4      | Killed a sky beast
  2884 | D:4      | Reached skill level 1 in Evocations
  2884 | D:4      | Reached XP level 6. HP: 32/32 MP: 7/7
  2931 | D:4      | Identified a scroll of acquirement
  2931 | D:4      | Acquired 1210 gold pieces
  3026 | D:4      | Found a staircase to the Ecumenical Temple.
  3037 | Temple   | Entered the Ecumenical Temple
  3044 | Temple   | Became a worshipper of Uskayaw the Reveller
  3094 | D:4      | Reached * piety under Uskayaw
  3579 | D:5      | Entered Level 5 of the Dungeon
  3581 | D:5      | Reached skill level 1 in Invocations
  3581 | D:5      | Reached XP level 7. HP: 36/36 MP: 8/8
  3584 | D:5      | Identified the +1 ring mail of Tartarus {Int-3 Dex+8}
  3601 | D:5      | Learned a level 2 spell: Wereblood
  3692 | D:5      | Reached ** piety under Uskayaw
  3975 | D:5      | Reached skill level 2 in Invocations
  3978 | D:5      | Reached *** piety under Uskayaw
  3981 | D:5      | Reached **** piety under Uskayaw
  4350 | D:5      | Reached skill level 3 in Invocations
  4453 | D:6      | Noticed Grinder
  4453 | D:6      | Noticed a two-headed ogre
  4544 | D:6      | Gained mutation: You have razor-sharp teeth. [Vine Stalker
                  | growth]
  4544 | D:6      | Reached XP level 8. HP: 39/42 MP: 11/11
  4577 | D:5      | Killed Grinder
  4807 | D:6      | Killed a two-headed ogre
  4808 | D:6      | Reached skill level 5 in Invocations
  4808 | D:6      | Reached XP level 9. HP: 46/46 MP: 11/13
  4860 | D:6      | Found a stormy altar of Qazlal.
  4945 | D:6      | Found Xeod's Weapon Shoppe.
  4953 | D:6      | Bought 2 curare-tipped darts for 16 gold pieces
  5051 | D:7      | Reached skill level 5 in Fighting
  5239 | D:7      | Reached skill level 5 in Short Blades
  5398 | D:7      | Found a sparkling altar of Nemelex Xobeh.
  5428 | D:7      | Reached skill level 6 in Invocations
  5608 | D:7      | Reached ***** piety under Uskayaw
  5613 | D:7      | Reached ****** piety under Uskayaw
  5988 | D:8      | Found the +10 morningstar "Eos" {elec, Halo rElec}
  5993 | D:8      | Noticed a centaur warrior
  6125 | D:8      | Noticed a centaur warrior
  6512 | D:8      | Reached skill level 7 in Invocations
  6519 | D:8      | Found a staircase to the Lair.
  6706 | D:8      | Reached skill level 5 in Shields
  6826 | D:8      | Reached XP level 10. HP: 53/53 MP: 16/16
  7708 | D:9      | Reached skill level 8 in Invocations
  7769 | D:9      | Noticed a deep elf pyromancer
  7772 | D:9      | Killed a deep elf pyromancer
  8092 | D:8      | Noticed a manticore
  8166 | D:8      | Killed a centaur warrior
  8167 | D:8      | Reached skill level 9 in Invocations
  8207 | D:8      | Killed a manticore
  8266 | D:8      | Acquired the +1 pair of gloves of the Miller {Dex+3}
  8358 | D:10     | Entered Level 10 of the Dungeon
  8358 | D:10     | Noticed Grum
  8394 | D:10     | Killed Grum
  8437 | D:10     | Reached XP level 11. HP: 46/58 MP: 14/19
  8606 | D:10     | Identified the +5 fustibalus of Growth {flame, Will- Int+4}
  8650 | D:10     | Found a staircase to the Orcish Mines.
  8760 | D:10     | Noticed Fannar
  8784 | D:10     | Killed Fannar
  8785 | D:10     | Reached skill level 10 in Invocations
  9256 | D:10     | Identified the +1 pair of gloves of the Gloaming {+Blink
                  | rElec Will-}
  9331 | D:10     | Noticed a skeletal warrior
  9333 | D:10     | Noticed a skeletal warrior
  9340 | D:10     | Noticed a skeletal warrior
  9341 | D:10     | Noticed a skeletal warrior
  9355 | D:10     | HP: 1/58 [skeletal warrior/+0 dire flail (19)]
  9356 | D:10     | Hit by a stone thrown by a skeletal warrior

Illustrated notes

Levels and vault maps discovered:
D:1:      wander_arrival_peaceful_grave, layout_loops_corners, serial_forest,
          infiniplex_forest_diagonal, infiniplex_forest_straight_3,
          infiniplex_forest_side_room, infiniplex_forest_corner_1,
          infiniplex_forest_end_3, infiniplex_forest_end_double,
          infiniplex_forest_clump_diagonal, infiniplex_forest_lined_4_way,
          infiniplex_forest_straight_1
D:2:      layout_loops_corners
D:3:      layout_rooms, gammafunk_temple_overflow_wave,
          nicolae_ru_great_annihilating_truth, gammafunk_temple_overflow_statue,
          hellmonk_ecumenical_altar_run_dry, uniq_ijyb, uniq_crazy_yiuf_cottage
D:4:      layout_loops_ring, minmay_temple_entry_water_ring
D:5:      layout_basic, minmay_misc_feat_plants, dreamdust_mushroom_princess,
          grunt_decor_clamped
D:6:      layout_rooms, grunt_qazlal_clouds, serial_shops,
          nicolae_shop_bloodbath_and_beyond, uniq_grinder
D:7:      corexii_shack_village, layout_loops_corners,
          nemelex_xobeh_ov_fountains_minmay
D:8:      cheibrodos_elevator_heist, layout_loops_ring, lair_entry_dummy
D:9:      layout_irregular_city, minmay_crystal_water, blue_anna_alchemist
D:10:     layout_loops_corners, minmay_orc_entry_temple_small, uniq_grum,
          uniq_fannar
Temple:   regret_index_temple_waves

Skill      XL: |  1  2  3  4  5  6  7  8  9 10 11 |
---------------+----------------------------------+-----
Dodging        | 1 |  1.0
Short Blades   | 2 3 4 5 6 |  6.0
Stealth        | 5 6 |  6.0
Fighting       | 2 3 4 5 7 |  7.5
Throwing       | 2 |  2.0
Shields        | 1 2 3 5 6 |  6.9
Evocations     | 1 2 3 4 |  4.0
Invocations    | 1 3 5 7 9 10 | 10.3

Action                   |  1- 3 |  4- 6 |  7- 9 | 10-12 || total
-------------------------+-------+-------+-------+-------++-------
Melee: Dagger            |    78 |   139 |   320 |   305 ||   842
       Bite              |    17 |    44 |    97 |   117 ||   275
       Punch             |       |     1 |       |       ||     1
Throw: Dart              |       |     1 |    13 |    15 ||    29
       Boomerang         |       |     4 |    12 |       ||    16
Evoke: Wand              |       |     1 |       |       ||     1
       Condenser vane    |       |       |       |     1 ||     1
  Use: Scroll            |       |     9 |     9 |     5 ||    23
       Potion            |       |       |     1 |       ||     1
 Stab: Sleeping          |     7 |    10 |    10 |     8 ||    35
       Distracted        |       |     2 |     2 |     1 ||     5
       Paralysed         |       |     1 |     8 |    11 ||    20
Armor: Ring mail         |    25 |    31 |   108 |     2 ||   166
       Robe              |     1 |       |       |       ||     1
       Skin              |       |       |    25 |       ||    25
       Acid dragon scale |       |       |       |   111 ||   111
Dodge: Dodged            |    31 |    38 |    66 |    78 ||   213
Block: Buckler           |       |    24 |       |       ||    24
       Tower shield      |       |       |   263 |   331 ||   594

Table legend: (Time is in decaauts)
 A = Elapsed time spent in this place.
 B = Non-inter-level travel time spent in this place.
 C = Inter-level travel time spent in this place.
 D = Time resting spent in this place.
 E = Time spent auto-exploring this place.
 F = Levels seen in this place.
 G = Mean time per level.
                   A        B        C        D        E       F      G
               +--------+--------+--------+--------+--------+-----+--------+
         Total |   9438 |   9063 |    375 |    409 |   6168 |  11 |  858.0 |
       Dungeon |   9423 |   9048 |    375 |    409 |   6168 |  10 |  942.3 |
        Temple |     14 |     14 |      0 |      0 |      0 |   1 |   14.0 |
               +--------+--------+--------+--------+--------+-----+--------+

Top non-repeatable levels by time:
     D:1: 1280 daAuts
     D:8: 1275 daAuts
     D:9: 1127 daAuts
     D:7: 1013 daAuts
    D:10: 987 daAuts
     D:2: 902 daAuts
     D:5: 848 daAuts
     D:4: 800 daAuts
     D:3: 694 daAuts
     D:6: 493 daAuts
  Temple: 14 daAuts
